 Dungeon Crawl Stone Soup version 0.31.0-12-g77e489cdc1 (webtiles) character file.

Game seed: 11855230408227145821

1823 Killerpretzel the Changeling (level 9, 0/61 HPs)
             Began as an Octopode Shapeshifter on Feb 13, 2024.
             Was a Believer of Vehumet.
             Slain by a wyvern (19 damage)
             ... on level 8 of the Dungeon.
             The game lasted 00:08:29 (6991 turns).

Killerpretzel the Changeling (OpSh)                 Turns: 6991, Time: 00:08:30

Health: 0/61       AC:  1    Str: 13    XL:     9   Next: 10%
Magic:  9/9        EV: 15    Int: 12    God:    Vehumet [**....]
Gold:   348        SH:  0    Dex: 16    Spells: 8/8 levels left

rFire   . .          .
                       - Unarmed
rCold   . . .        (no shield)
rNeg    . . .        (helmet currently unavailable)
rPois   +            (no amulet)
rElec   .            r - ring of poison resistance
rCorr   .            (no ring)
SInv    .            (no ring)
Will    .....        (no ring)
Stlth   ++           (no ring)
HPRegen 0.30/turn    (no ring)
MPRegen 0.11/turn    (no ring)
                     (no ring)

%: no passive effects
@: beast-form
A: beast (slay +4), almost no armour, amphibious, 8 rings, camouflage 1,
gelatinous body 1, (nimble swimmer 1), tentacles
a: Begin Untransformation, Renounce Religion


You were on level 8 of the Dungeon.
You worshipped Vehumet.
Vehumet was pleased with you.
You were a hulking beast.
You visited 1 branch of the dungeon, and saw 8 of its levels.

You collected 348 gold pieces.

Inventory:

Missiles
 w - 5 boomerangs (quivered)
Jewellery
 r - a ring of poison resistance (left tentacle)
Talismans
 b - a beast talisman
 c - a flux talisman
Wands
 p - a wand of light (17)
 q - a wand of flame (19)
 v - a wand of charming (6)
Scrolls
 f - a scroll of fear
 h - a scroll of vulnerability
 k - 3 scrolls of teleportation
 l - a scroll of enchant armour
 s - a scroll of revelation
 x - a scroll of blinking
 y - a scroll of immolation {unknown}
Potions
 a - a potion of lignification
 d - 2 potions of haste
 e - a potion of magic {unknown}
 g - a potion of might
 i - a potion of brilliance {unknown}
 j - 2 potions of mutation
 m - 4 potions of curing
 n - a potion of enlightenment {unknown}
 o - 2 potions of ambrosia {unknown}
 t - 2 potions of heal wounds {unknown}
 u - 3 potions of berserk rage {unknown}


   Skills:
 + Level 5.1 Fighting
 + Level 5.4 Dodging
 + Level 5.9 Unarmed Combat
 * Level 7.3 Shapeshifting


You had 8 spell levels left.
You didn't know any spells.
Your spell library contained the following spells:

 Spells                   Type           Power      Damage    Failure   Level
 Foxfire                  Conj/Fire      0%         2x1d4     32%         1
 Apportation              Tloc           0%         N/A       32%         1
 Magic Dart               Conj           0%         1d3       32%         1
 Blink                    Tloc           0%         N/A       45%         2
 Call Imp                 Summ           0%         N/A       45%         2
 Jinxbite                 Hex            0%         N/A       45%         2
 Dazzling Flash           Conj/Hex       0%         N/A       69%         3
 Inner Flame              Hex/Fire       0%         N/A       69%         3
 Volatile Blastmotes      Fire/Tloc      0%         2d10      69%         3
 Flame Wave               Conj/Fire      0%         2d4       97%         4
 Sticky Flame             Fire/Alch      0%         2d4       97%         4
 Alistair's Intoxication  Alch           0%         N/A       100%        5
 Sculpt Simulacrum        Ice/Alch       0%         N/A       100%        6
 Starburst                Conj/Fire      0%         6d3       100%        6
 Ozocubu's Refrigeration  Ice            0%         4d7       100%        7
 Maxwell's Capacitive Co  Air            0%         ∞         100%        8
 Polar Vortex             Ice            0%         N/A       100%        9


Dungeon Overview and Level Annotations

Branches:
Dungeon (8/15)             Temple (0/1) D:4
   Lair: D:8-11

Altars:
Elyvilon
Fedhas
Gozag
Qazlal
Sif Muna
Vehumet

Shops:
D:1 [

Annotations:
D:6 exclusion: 2 gnolls
D:7 Joseph, Maggie, Maurice


Innate Abilities, Weirdness & Mutations

You are a hulking beast.
Your limbs bulge with bestial killing power. (Slay +4)
You cannot wear most types of armour.
You are amphibious.
You can wear up to eight rings at the same time.
Your skin changes colour to match your surroundings (Stealth+).
Your rubbery body absorbs attacks. (AC +1, EV +1)
((You are camouflaged when in or above water. (Stealth+)))
You have tentacles for arms and can constrict up to eight enemies at once.


Message History

A kobold comes into view.
It is wielding a +0 whip. 2 kobolds come into view.
A kobold is wielding a +0 dagger and quivering poisoned darts.
The kobold shouts!
The kobold moves out of view.
A kobold comes into view. It is wielding a +0 short sword.
A kobold brigand comes into view.
It is wielding a +0 dagger and quivering poisoned darts.
A kobold comes into view.
It is wielding a +0 club and quivering poisoned darts.
The kobold brigand shouts!
The kobold shouts!
You hear an angry hiss.
You hear a shout! x2
A wyvern comes into view.
A kobold comes into view. It is wielding a +0 short sword.
The kobold shouts!
The kobold shouts!
A kobold comes into view. It is wielding a +0 short sword.
No target in view!
The wyvern hisses angrily.
r - a ring of poison resistance (left tentacle)
The wyvern bites you but does no damage.
You barely miss the wyvern. Your squeeze misses the wyvern.
The wyvern misses you.
You bludgeon the wyvern! Your squeeze misses the wyvern.
The wyvern is moderately wounded.
The wyvern closely misses you. The wyvern completely misses you.
You closely miss the wyvern.
Your tentacle-slap misses the wyvern.
The wyvern is moderately wounded.
The wyvern closely misses you.
You tentacle-slap the wyvern but do no damage.
The wyvern is moderately wounded.
The wyvern bites you!
You tentacle-slap the wyvern. Your squeeze misses the wyvern.
The wyvern is moderately wounded.
The wyvern closely misses you. The wyvern bites you!
You bludgeon the wyvern! You squeeze the wyvern.
The wyvern is severely wounded.
The wyvern bites you!
You tentacle-slap the wyvern but do no damage.
The wyvern is severely wounded.
The wyvern bites you!!
You die...

#K##.......###
#k##......... ##.#
#......# #.K#
#......#
#.##+#......#
####.#...#.#..## #.
#K.kK#....###.##...
#k#######.# ##..#
#.h..#....###.#.#
####.#.#.#.#..#.#
#.#.#.##.#.#.#
#...#.##.#.#..
#####.##.#.###
#......# ###.####
#.# #.#


You could see a wyvern and a kobold brigand.

Vanquished Creatures
  Pikel (D:7)
  A wraith (D:7)
  A black bear (D:6)
  3 phantoms
  3 lemures (D:7)
  A bullfrog (D:5)
  2 scorpions (D:6)
  4 wights (D:7)
  A bombardier beetle (D:4)
  2 orc priests
  A hound (D:5)
  A jelly (D:5)
  2 sleepcaps
  Natasha (thrice) (D:3)
  3 iguanas
  An orc wizard (D:4)
  7 adders
  2 dart slugs
  A ribbon worm (D:2)
  19 orcs
  6 ball pythons
  5 bats
  3 endoplasms
  4 giant cockroaches
  9 goblins
  7 hobgoblins
  3 jackals (D:2)
  5 kobolds
  2 quokkas
  4 frilled lizards
  4 rats
111 creatures vanquished.

Notes
Turn   | Place    | Note
-------+----------+-------------------------------------------
     0 | D:1      | Killerpretzel the Octopode Shapeshifter began the quest for
                  | the Orb.
     0 | D:1      | Reached XP level 1. HP: 13/13 MP: 1/1
   234 | D:1      | Found Poikhiem's Armour Shoppe.
   417 | D:1      | Reached XP level 2. HP: 16/18 MP: 2/2
  1036 | D:2      | Reached XP level 3. HP: 21/23 MP: 3/3
  1616 | D:3      | Noticed Natasha
  1623 | D:3      | Killed Natasha
  1624 | D:3      | Reached XP level 4. HP: 29/29 MP: 4/4
  1724 | D:3      | Found a radiant altar of Vehumet.
  1733 | D:3      | Reached skill level 4 in Shapeshifting
  1735 | D:3      | Reached XP level 5. HP: 26/34 MP: 5/5
  1741 | D:3      | Became a worshipper of Vehumet
  1765 | D:3      | Found a white marble altar of Elyvilon.
  1794 | D:3      | Noticed Natasha
  1797 | D:3      | Noticed a phantom
  1806 | D:3      | Killed Natasha
  1819 | D:3      | Killed a phantom
  1962 | D:3      | Reached XP level 6. HP: 25/41 MP: 6/6
  2228 | D:3      | Found an opulent altar of Gozag.
  2234 | D:3      | Found a shimmering blue altar of Sif Muna.
  2382 | D:3      | Noticed Natasha
  2388 | D:3      | Killed Natasha
  2901 | D:4      | Found a staircase to the Ecumenical Temple.
  2938 | D:4      | Reached * piety under Vehumet
  2938 | D:4      | Offered knowledge of Sandblast by Vehumet.
  3304 | D:4      | Reached skill level 5 in Shapeshifting
  3307 | D:4      | Reached XP level 7. HP: 37/46 MP: 7/7
  3447 | D:4      | Found a stormy altar of Qazlal.
  3916 | D:5      | Entered Level 5 of the Dungeon
  4613 | D:6      | Found a blossoming altar of Fedhas.
  5032 | D:6      | Reached XP level 8. HP: 52/54 MP: 8/8
  5179 | D:6      | Reached skill level 5 in Unarmed Combat
  5179 | D:6      | Reached skill level 6 in Shapeshifting
  5561 | D:7      | Noticed Joseph
  5675 | D:7      | Noticed Maurice
  5698 | D:7      | Noticed Pikel
  5717 | D:7      | Killed Pikel
  5717 | D:7      | Offered knowledge of Foxfire by Vehumet.
  5718 | D:7      | Reached skill level 5 in Dodging
  5913 | D:7      | Reached ** piety under Vehumet
  6313 | D:7      | Reached skill level 7 in Shapeshifting
  6409 | D:7      | Noticed a wraith
  6420 | D:7      | Killed a wraith
  6421 | D:7      | Reached skill level 5 in Fighting
  6421 | D:7      | Reached XP level 9. HP: 51/61 MP: 9/9
  6506 | D:7      | Noticed Maggie
  6991 | D:8      | Slain by a wyvern

Illustrated notes

Levels and vault maps discovered:
D:1:      minmay_arrival_split_and_join, layout_loops_cross, serial_shops,
          nicolae_shop_tiny_waterfront
D:2:      layout_basic
D:3:      layout_basic, overflow_temple_1_default, elyvilon_altar_4,
          jmf_multi_god_temple, uniq_natasha
D:4:      layout_loops_ring, nicolae_qazlal_scattered_showers,
          minmay_temple_entry_slanted, minmay_crossroads
D:5:      layout_rooms
D:6:      layout_gridville, fedhas_ov_isle_minmay
D:7:      layout_loops_ring, pf_just_have_faith, minmay_misc_feat_tower,
          uniq_joseph, uniq_pikel, uniq_maurice, uniq_maggie
D:8:      layout_loops_ring, kennysheep_mini

Skill      XL: |  1  2  3  4  5  6  7  8 |
---------------+-------------------------+-----
Fighting       | 2 3 5 |  5.1
Shapeshifting  | 4 5 7 |  7.3
Dodging        | 3 4 5 |  5.4
Unarmed Combat | 4 5 |  5.9

Action                     |  1- 3 |  4- 6 |  7- 9 || total
---------------------------+-------+-------+-------++-------
  Melee: Unarmed           |    62 |    91 |   122 ||   275
         Constrict         |    17 |    23 |    24 ||    64
         Tentacles         |     8 |    26 |    34 ||    68
         Punch             |     1 |     4 |     3 ||     8
    Use: Scroll            |     6 |     5 |     7 ||    18
         Potion            |       |     1 |     3 ||     4
   Stab: Sleeping          |     5 |     6 |     3 ||    14
 Armour: Skin              |    19 |    32 |    66 ||   117
  Dodge: Dodged            |    45 |    38 |    48 ||   131
